 Dungeon Crawl Stone Soup version 0.31-a0-1178-gc5c9b8f871 (webtiles) character file.

Game seed: 2444098316268303729

2050 grandjackal the Tainted (level 9, -6/71 HPs)
             Began as a Demonspawn Gladiator on Dec 11, 2023.
             Was an Initiate of Yredelemnul.
             Mangled by GreenGuy14's ghost (21 damage)
             ... on level 6 of the Dungeon.
             The game lasted 00:06:37 (5646 turns).

grandjackal the Tainted (Demonspawn Gladiator)      Turns: 5646, Time: 00:06:37

Health: -6/71      AC: 10    Str: 24    XL:     9   Next: 4%
Magic:  14/14      EV: 10    Int:  9    God:    Yredelemnul [......]
Gold:   499        SH:  0    Dex: 15    Spells: 8/8 levels left

rFire   . . .        y - +1 war axe (heavy)
rCold   + . .        (no shield)
rNeg    . . .        h - +0 chain mail
rPois   .            c - +0 helmet
rElec   .            (no cloak)
rCorr   .            (no gloves)
SInv    .            (no boots)
Will    .....        (no amulet) Stlth
                     l - +6 ring of strength
HPRegen 0.31/turn    x - ring of protection from cold
MPRegen 0.14/turn

%: no passive effects
@: no status effects
A: claws 1, foul stench 2, spiny 2
a: Renounce Religion, Recall Undead Harvest


You were on level 6 of the Dungeon.
You worshipped Yredelemnul.
Yredelemnul was noncommittal.
You visited 1 branch of the dungeon, and saw 6 of its levels.

You collected 499 gold pieces.

Inventory:

Hand Weapons
 a - a +0 war axe
 m - a +0 scythe
 y - a +1 heavy war axe (weapon)
Missiles
 d - 4 throwing nets (quivered)
 e - a javelin
Armour
 c - a +0 helmet (worn)
 h - a +0 chain mail (worn)
Jewellery
 l - a +6 ring of strength (left claw)
 x - a ring of protection from cold (right claw)
Wands
 q - a wand of roots (8)
 t - a wand of light (22)
Scrolls
 b - 2 scrolls of immolation {unknown}
 g - 7 scrolls of identify {unknown}
 i - 3 scrolls of teleportation {unknown}
 n - a scroll of revelation {unknown}
 o - a scroll of noise {unknown}
 p - 4 scrolls of fear {unknown}
 s - 3 scrolls of fog {unknown}
 v - a scroll of poison {unknown}
 w - a scroll of acquirement {unknown}
Potions
 f - 3 potions of curing
 j - a potion of lignification {unknown}
 k - 2 potions of haste {unknown}
 r - 3 potions of heal wounds {unknown}
 u - a potion of degeneration {unknown}
 z - a potion of attraction {unknown}
 A - a potion of brilliance {unknown}


   Skills:
 + Level 6.8 Fighting
 - Level 3.0 Axes
 - Level 2.0 Throwing
 - Level 4.0 Armour
 - Level 3.0 Dodging
 + Level 5.6 Unarmed Combat
 + Level 7.0 Invocations


You had 8 spell levels left.
You didn't know any spells.
Your spell library contained the following spells:

 Spells                   Type           Power      Damage    Failure   Level
 Sting                    Tmut/Pois      0%         1d3       92%         1
 Lesser Beckoning         Tloc           0%         N/A       98%         2
 Poisonous Vapours        Pois/Air       0%         N/A       98%         2
 Gell's Gravitas          Tloc           0%         N/A       100%        3
 Teleport Other           Tloc           0%         N/A       100%        3
 Leda's Liquefaction      Hex/Erth       0%         N/A       100%        4
 Olgreb's Toxic Radiance  Pois           0%         N/A       100%        4
 Lee's Rapid Deconstruct  Erth           0%         3d4*      100%        5
 Bombard                  Conj/Erth      0%         9d1       100%        6


Dungeon Overview and Level Annotations

Branches:
Dungeon (6/15)             Temple (0/1) D:4

Altars:
Cheibriados
Gozag
Wu Jian
Yredelemnul

Annotations:
D:6 GreenGuy14's ghost, novice GnFi


Innate Abilities, Weirdness & Mutations

You have sharp fingernails.
You sometimes emit foul miasma when damaged in melee.
You are mostly covered in sharp spines.


Message History

The adder bites you.
You closely miss the adder.
The adder is severely wounded.
The adder barely misses you.
The adder bites you but does no damage. x2
You closely miss the adder.
The adder is severely wounded.
The adder is struck by your spines.
You kill the adder!
No target in view!
No target in view!
There is an open door here.
There is an open door here.
There is an open door here.
There is an open door here.
You see here the +8 war axe "Xosarph" {speed, rN++ Dex+2}.
GreenGuy14's ghost turns its malevolent gaze towards you.
Could not explore, unopened runed door.
Press: ? - help, v - describe, . - travel
Here: GreenGuy14's ghost, wielding a heavy weapon (fire blocked by a runed translucent door)
The floor.
You open the door. You barely miss GreenGuy14's ghost.
GreenGuy14's ghost barely misses you. GreenGuy14's ghost hits you!
You closely miss GreenGuy14's ghost.
GreenGuy14's ghost is struck by your spines.
GreenGuy14's ghost hits you! GreenGuy14's ghost hits you!!
You closely miss GreenGuy14's ghost.
GreenGuy14's ghost is lightly damaged.
GreenGuy14's ghost barely misses you. x2
GreenGuy14's ghost is struck by your spines.
GreenGuy14's ghost hits you!
* * * LOW HITPOINT WARNING * * *
You emit a cloud of foul miasma!
It was a potion of curing.
You feel better. GreenGuy14's ghost barely misses you.
You closely miss GreenGuy14's ghost.
GreenGuy14's ghost is lightly damaged.
GreenGuy14's ghost hits you!!
You die...
Your body rises from the dead as a mindless zombie.

#........##W##..............
#.......##...##.............
#..[...##..!..##............
######.#..#⌠.?♣!.⌠#............
#..###.#..##.....##..#######'##
#..........##...##.........#..#
#...........##.##..........#..#
#..###..##...#W#.....#######'##
#### ######...@...#(.##.#......
#..............#......
#..............'......
#.###.####.....###....
###.###.## #.....# ##'##
#........###.....####..#
#...................#..#
#......................'
##............_......#.#


You could see GreenGuy14's ghost.

Vanquished Creatures
  Sigmund (D:3)
  2 orc warriors (D:6)
  A black bear (D:5)
  An ogre (D:6)
  A phantom (D:5)
  2 kobold brigands (D:6)
  A gnoll sergeant (D:6)
  A scorpion (D:6)
  2 howler monkeys (D:5)
  3 hounds (D:6)
  A jelly (D:6)
  4 orc priests
  A gnoll bouda (D:6)
  2 sleepcaps (D:5)
  2 iguanas
  6 orc wizards
  Robin (D:3)
  11 gnolls (D:6)
  4 adders
  2 white imps (D:6)
  3 ufetubi (D:5)
  A worm (D:6)
  A dart slug (D:2)
  22 orcs
  4 ball pythons
  3 bats
  7 endoplasms
  3 giant cockroaches
  16 hobgoblins
  8 jackals
  6 quokkas
  2 frilled lizards
  9 goblins
  12 kobolds
  9 rats
  A spectral orc (D:3)
156 creatures vanquished.

Vanquished Creatures (collateral kills)
  An ice beast (D:6)
  A centaur (D:6)
  A jelly (D:4)
  A gnoll bouda (D:6)
  3 gnolls (D:6)
  An ufetubus (D:5)
  An orc (D:6)
  A hobgoblin (D:6)
10 creatures vanquished.

Vanquished Creatures (others)
  A centaur zombie (D:6)
  A scorpion zombie (D:6)
  An ogre zombie (D:6)
  An ice beast zombie (D:6)
  A hound zombie (D:6)
  4 orc zombies (D:6)
  A spectral white imp (D:6)
  A worm zombie (D:6)
  A jelly zombie (D:6)
  6 gnoll zombies (D:6)
  3 hobgoblin zombies (D:6)
  4 kobold zombies (D:6)
  A spectral ufetubus (D:5)
26 creatures vanquished.

Grand Total: 192 creatures vanquished

Notes
Turn   | Place    | Note
-------+----------+-------------------------------------------
     0 | D:1      | grandjackal the Demonspawn Gladiator began the quest for
                  | the Orb.
     0 | D:1      | Reached XP level 1. HP: 16/16 MP: 1/1
   149 | D:1      | Found a faded altar of an unknown god.
   330 | D:1      | Gained mutation: You are partially covered in sharp spines.
                  | [demonic ancestry]
   330 | D:1      | Reached XP level 2. HP: 22/22 MP: 2/2
   722 | D:2      | Gained mutation: You have sharp fingernails. [demonic
                  | ancestry]
   722 | D:2      | Reached XP level 3. HP: 27/28 MP: 3/3
  1470 | D:3      | Noticed Sigmund
  1484 | D:3      | Killed Sigmund
  1485 | D:3      | Gained mutation: You are mostly covered in sharp spines.
                  | [demonic ancestry]
  1485 | D:3      | Reached XP level 4. HP: 12/37 MP: 4/4
  1485 | D:3      | Gained mutation: You may rarely emit foul miasma when
                  | damaged in melee. [demonic ancestry]
  1485 | D:3      | Reached XP level 5. HP: 13/42 MP: 5/5
  1610 | D:3      | Noticed Robin
  1619 | D:3      | Killed Robin
  2168 | D:3      | Found a basalt altar of Yredelemnul.
  2178 | D:3      | Became a worshipper of Yredelemnul the Dark
  2543 | D:4      | Reached XP level 6. HP: 48/48 MP: 6/6
  2615 | D:4      | Reached * piety under Yredelemnul
  2739 | D:4      | Reached skill level 1 in Invocations
  2808 | D:4      | Found a staircase to the Ecumenical Temple.
  2939 | D:4      | Found an ornate altar of the Wu Jian Council.
  2960 | D:4      | Reached ** piety under Yredelemnul
  2961 | D:4      | Reached skill level 2 in Invocations
  3214 | D:5      | Entered Level 5 of the Dungeon
  3290 | D:5      | Gained mutation: You sometimes emit foul miasma when
                  | damaged in melee. [demonic ancestry]
  3290 | D:5      | Reached XP level 7. HP: 48/55 MP: 7/9
  3311 | D:5      | Reached skill level 3 in Invocations
  3686 | D:5      | Found an opulent altar of Gozag.
  3843 | D:5      | Reached skill level 5 in Fighting
  4072 | D:6      | Reached skill level 4 in Invocations
  4187 | D:6      | Reached XP level 8. HP: 50/62 MP: 11/11
  4619 | D:6      | Reached skill level 5 in Invocations
  4881 | D:6      | Noticed GreenGuy14's ghost (novice GnFi)
  4890 | D:6      | Found a runed translucent door.
  4919 | D:6      | Found a snail-covered altar of Cheibriados.
  5014 | D:6      | Reached *** piety under Yredelemnul
  5019 | D:6      | Reached skill level 5 in Unarmed Combat
  5019 | D:6      | Reached skill level 6 in Invocations
  5047 | D:6      | Reached **** piety under Yredelemnul
  5128 | D:6      | Reached skill level 7 in Invocations
  5128 | D:6      | Reached XP level 9. HP: 8/71 MP: 14/14
  5616 | D:6      | Identified the +8 war axe "Xosarph" {speed, rN++ Dex+2}
  5646 | D:6      | Mangled by GreenGuy14's ghost

Illustrated notes

Levels and vault maps discovered:
D:1:      matt_arrival_diagonals, layout_rooms,
          hellmonk_ecumenical_altar_crossroads, minmay_misc_feat_square,
          nicolae_figureground_sparkle
D:2:      layout_loops_corners, nrook_uturn
D:3:      layout_basic, yredelemnul_forgotten_temple_becter,
          chequers_hall_statues_wall_a, uniq_sigmund, uniq_robin
D:4:      layout_gridville, mainiacjoe_overflow_alcove_2,
          minmay_temple_entry_junction
D:5:      layout_loops_ring, lemuel_round_altar, minmay_quadrilaterals
D:6:      kennysheep_housing_project, layout_gridville, slow_altar_1,
          hellmonk_ghost_happy_afterlife

Skill      XL: |  1  2  3  4  5  6  7  8 |
---------------+-------------------------+-----
Throwing       | 2 |  2.0
Axes           | 3 |  3.0
Dodging        | 3 |  3.0
Fighting       | 3 4 5 6 |  6.8
Armour         | 2 3 4 |  4.0
Unarmed Combat | 2 3 4 5 |  5.6
Invocations    | 2 4 7 |  7.0

Action                     |  1- 3 |  4- 6 |  7- 9 || total
---------------------------+-------+-------+-------++-------
  Melee: War axe           |    77 |    76 |   123 ||   276
         Punch             |     3 |     1 |     7 ||    11
  Evoke: Wand              |       |       |     3 ||     3
    Use: Potion            |       |       |     1 ||     1
   Stab: Distracted        |       |     1 |       ||     1
 Armour: Leather armour    |    19 |       |       ||    19
         Chain mail        |    36 |    65 |   126 ||   227
  Dodge: Dodged            |    32 |    36 |    64 ||   132

Table legend: (Time is in decaauts)
 A = Elapsed time spent in this place.
 B = Non-inter-level travel time spent in this place.
 C = Inter-level travel time spent in this place.
 D = Time resting spent in this place.
 E = Time spent auto-exploring this place.
 F = Levels seen in this place.
 G = Mean time per level.
                   A        B        C        D        E       F      G
               +--------+--------+--------+--------+--------+-----+--------+
         Total |   5747 |   5570 |    177 |    616 |   3977 |   6 |  957.8 |
       Dungeon |   5747 |   5570 |    177 |    616 |   3977 |   6 |  957.8 |
               +--------+--------+--------+--------+--------+-----+--------+

Top non-repeatable levels by time:
     D:6: 1407 daAuts
     D:3: 1096 daAuts
     D:5: 1077 daAuts
     D:2: 869 daAuts
     D:4: 731 daAuts
     D:1: 564 daAuts
